Map: Acid Plant LE

Players

Ninja

  • Race: Protoss Protoss
  • Spawn Location: 11:00

GogojOey - Winner!

  • Race: Zerg Zerg
  • Spawn Location: 5:00

Event: WCS Montreal 2018

VOD

Have the link to the VOD?

Description

Time

  • Played on: Sept. 7, 2018, 2:09 p.m.
  • Length: 8:32

All games in this series

Show
View Real Time Build Order
Export as new Build Order

Ninja Protoss 

Build Orders: 1 Gate Expand, Oracle Opening, Phoenix Opening, Zealot Archon, Archon Drop 

Get SALT Encoding   

  12  0:00  Probe  
  13  0:12  Probe  
  14  0:17  Pylon  
  14  0:24  Probe  
  15  0:32  Probe  
  15  0:38  Gateway  
  15  0:40  Probe  
  17  0:50  Probe  
  17  0:54  Assimilator  
  18  0:58  Probe  
  19  1:06  Probe  
  20  1:17  Probe  
  21  1:27  Nexus  
  21  1:39  Cybernetics Core  
  21  1:40  Probe  
  22  1:51  Assimilator  
  22  1:52  Probe  
  23  1:55  Pylon  
  23  2:05  Stalker  
  23  2:13  Probe  
  26  2:25  Stargate, Probe  
  27  2:35  Adept  
  29  2:37  Probe  
  29  2:40  Warp Gate  
  29  2:41  Probe  
  30  2:49  Probe x2  
  33  2:59  Probe, Oracle  
  33  3:01  Gateway, Probe  
  35  3:11  Probe  
  39  3:13  Probe  
  39  3:16  Shield Battery  
  40  3:21  Assimilator  
  40  3:22  Assimilator  
  40  3:23  Probe  
  41  3:31  Probe  
  41  3:32  Phoenix  
  42  3:36  Pylon  
  42  3:37  Probe  
  45  3:43  Probe  
  46  3:54  Robotics Facility, Probe  
  47  3:57  Twilight Council  
  47  3:58  Probe  
  48  4:05  Oracle  
  48  4:06  Probe  
  48  4:08  Pylon  
  49  4:26  Gateway  
  49  4:27  Gateway  
  49  4:31  Gateway, Probe  
  50  4:38  Templar Archives  
  50  4:39  Probe  
  50  4:42  Warp Prism  
  50  4:43  Probe  
  54  4:51  Probe  
  55  4:53  Pylon  
  55  4:54  Adept  
  55  4:59  Probe  
  58  5:15  Pylon  
  58  5:19  Nexus  
  58  5:26  Pylon, Probe  
  55  5:31  Adept x2  
  55  5:32  Probe  
  55  5:35  Probe  
  59  5:41  Pylon  
  60  5:43  Probe  
  60  5:44  Probe  
  60  5:45  Pylon  
  62  5:51  High Templar x4  
  62  5:53  Immortal  
  62  5:55  Archon x2  
  62  5:56  Probe  
  71  6:07  Sentry  
  71  6:09  Pylon  
  71  6:10  Probe  
  78  6:12  Gateway, Forge  
  78  6:19  Probe  
  78  6:23  Sentry x2  
  78  6:24  Shield Battery  
  83  6:26  Pylon  
  83  6:32  Probe x2  
  89  6:37  Adept, Sentry  
  93  6:47  Probe  
  94  6:48  Pylon, Probe  
  94  6:49  Assimilator  
  94  6:50  Zealot  
  94  6:51  Immortal, Zealot  
  94  6:52  Zealot  
  101  6:55  Probe  
  101  6:57  Shield Battery  
  101  7:00  Shield Battery  
  102  7:18  High Templar, Probe  
  102  7:19  High Templar  
  102  7:20  Probe x2  
  102  7:21  Pylon  
  109  7:22  Zealot  
  109  7:23  Zealot x2  
  109  7:24  Assimilator  
  109  7:26  Probe  
  109  7:27  Gateway  
  115  7:30  Gateway  
  115  7:32  Probe x2  
  110  7:45  Zealot  
  110  7:46  Zealot x3  
  106  7:54  Archon  
  106  7:56  Zealot x2  
  87  8:05  Zealot  
  87  8:07  Zealot x3  
  89  8:17  Zealot x2  
  67  8:27  Sentry  
  55  8:28  Sentry x3  
Show
View Real Time Build Order
Export as new Build Order

GogojOey Zerg - Winner!

Build Orders: Hatch First 

Get SALT Encoding   

  12  0:00  Drone  
  13  0:13  Overlord  
  13  0:17  Drone  
  14  0:31  Drone x2  
  14  0:35  Drone  
  17  0:51  Hatchery  
  17  0:54  Drone  
  17  0:57  Drone  
  18  1:08  Extractor  
  17  1:15  Drone, Spawning Pool  
  17  1:18  Drone  
  18  1:30  Drone  
  19  1:39  Overlord  
  19  1:50  Drone  
  20  2:01  Queen  
  20  2:02  Zergling x2  
  20  2:04  Drone, Queen  
  20  2:07  Metabolic Boost  
  26  2:11  Drone  
  27  2:15  Drone  
  27  2:22  Drone  
  29  2:25  Drone  
  30  2:34  Drone  
  30  2:36  Drone  
  32  2:43  Hatchery  
  31  2:47  Queen  
  31  2:49  Drone  
  34  2:54  Overlord  
  34  2:56  Drone  
  35  3:00  Drone  
  35  3:05  Overlord  
  36  3:14  Queen  
  36  3:15  Drone x2  
  36  3:16  Drone x2  
  36  3:19  Drone  
  43  3:22  Drone  
  43  3:26  Lair  
  44  3:29  Drone  
  45  3:36  Drone x3  
  45  3:38  Extractor  
  45  3:39  Drone  
  45  3:40  Extractor  
  47  3:45  Overlord  
  47  3:46  Drone  
  48  3:50  Drone  
  48  3:51  Roach Warren  
  48  3:55  Drone  
  48  3:56  Drone x2  
  48  3:58  Drone  
  52  4:04  Spore Crawler  
  52  4:06  Spore Crawler  
  52  4:09  Drone x3  
  53  4:15  Drone x3  
  55  4:21  Overlord  
  55  4:26  Overlord  
  55  4:30  Glial Reconstitution  
  55  4:31  Overlord  
  55  4:32  Drone  
  55  4:35  Overseer  
  56  4:39  Overlord  
  56  4:40  Zergling x2  
  56  4:41  Zergling x4  
  56  4:44  Drone  
  56  4:45  Drone x2  
  62  4:49  Zergling x4  
  62  4:51  Drone x2  
  66  4:55  Drone x2  
  68  5:03  Spore Crawler, Drone  
  68  5:04  Drone x5  
  73  5:08  Overlord  
  71  5:14  Overlord  
  71  5:15  Overlord  
  71  5:19  Overlord x2  
  71  5:25  Roach x3  
  71  5:26  Roach  
  78  5:30  Roach x3  
  78  5:31  Extractor  
  78  5:35  Roach  
  82  5:38  Roach  
  82  5:39  Roach x2  
  82  5:42  Roach x3  
  98  5:50  Roach x4  
  98  5:56  Drone  
  103  5:57  Evolution Chamber  
  103  6:00  Roach x4  
  103  6:01  Roach  
  112  6:08  Drone x5  
  117  6:11  Extractor  
  117  6:13  Drone  
  117  6:14  Drone x2  
  119  6:22  Drone x2  
  119  6:23  Extractor, Hydralisk Den  
  119  6:26  Overlord x2  
  119  6:30  Overlord x3  
  119  6:34  Zerg Missile Weapons Level 1  
  119  6:35  Roach  
  119  6:38  Overlord x2  
  119  6:39  Ravager  
  121  6:43  Overlord  
  121  6:47  Roach x4  
  127  6:49  Overlord  
  127  6:51  Roach x2  
  133  6:55  Ravager x2  
  133  6:56  Roach x2  
  133  7:00  Roach x2  
  143  7:02  Grooved Spines  
  143  7:04  Ravager x3  
  143  7:08  Roach x3  
  152  7:16  Hydralisk x3  
  152  7:21  Roach x3  
  164  7:27  Drone  
  165  7:30  Hydralisk x2  
  165  7:31  Roach x2  
  173  7:40  Roach x4  
  167  7:50  Hydralisk x3  
  167  7:51  Roach x2  
  167  7:57  Hydralisk x2  
  167  7:58  Roach x3  
  175  8:03  Hydralisk, Roach  
  175  8:04  Roach  
  171  8:11  Roach  
  164  8:22  Hatchery  
Tags
 
Add a new tag
Caveats
  • Supply blocks, unpowered buildings, or Contaminate may cause inaccurate times.
  • Supply counts are checked every 10 seconds.